 Dungeon Crawl Stone Soup version 0.31-a0-1242-g57893ffec4 (webtiles) character file.

Game seed: 4532105526229501693

192137 James the Wrestler (level 18, -13/198 HPs)
             Began as a Troll Gladiator on Dec 16, 2023.
             Was an Initiate of Gozag.
             Mangled by a pharaoh ant (20 damage)
             ... on level 3 of the Spider Nest.
             The game lasted 01:38:08 (30255 turns).

James the Wrestler (Troll Gladiator)               Turns: 30255, Time: 01:38:08

Health: -13/198    AC: 20    Str: 34    XL:     18   Next: 3%
Magic:  17/17      EV: 18    Int:  4    God:    Gozag
Gold:   3342       SH:  0    Dex: 15    Spells: 17/17 levels left

rFire   + +          +
                       - Unarmed
rCold   + + .        (no shield)
rNeg    + + +        q - +4 pearl dragon scales "Pupaasm" {rC++ rN+ Will- Slay+5}
rPois   +            p - +0 mask of the Dragon {Will+ Slay+3 SInv}
rElec   +            g - scarf {repulsion}
rCorr   +            (gloves unavailable)
SInv    +            (boots unavailable)
Will    ++++.        l - amulet of the Four Winds {rN+ Will+++ Clar} Stlth
                     G - ring of Pobyc {*Slow rF+ rN+ EV+5 Str+3}
HPRegen 1.33/turn    A - ring of Tomiy {Fire rPois Dex+2}
MPRegen 0.15/turn

%: slow self (1%), repel missiles, clarity
@: mighty, about to teleport, resistant, gold aura, hasted, very quick
A: large, unfitting armour, claws 3, regeneration 1, shaggy fur 1, tough skin 1
a: Renounce Religion, Potion Petition, Call Merchant, Bribe Branch


You were on level 3 of the Spider Nest.
You worshipped Gozag.
Gozag was most pleased with you.
You visited 6 branches of the dungeon, and saw 30 of its levels.
You also visited: Gauntlet, Ice Cave and Volcano.

You collected 12116 gold pieces.
You spent 1492 gold pieces at shops.
You paid 7282 gold pieces to Gozag.

Inventory:

Hand Weapons
 b - the +7 trident of Dividends {spect, SInv}
   (You found it on level 3 of the Dungeon)

   SInv:      It lets you see invisible.
Missiles
 c - 5 throwing nets {!f}
 H - 29 poisoned darts
 N - 7 silver javelins
 Q - 27 large rocks (quivered)
 T - 4 curare-tipped darts {!f}
 Z - 9 javelins
Armour
 g - a scarf of repulsion (worn)
   (You found it on level 1 of the Dungeon)
 p - the +0 mask of the Dragon (worn) {Will+ Slay+3 SInv}
   (You found it on level 1 of the Lair of Beasts)

   Slay+3:    It affects your accuracy & damage with ranged weapons and melee
   (+3).
   Will+:     It increases your willpower.
   SInv:      It lets you see invisible.
 q - the +4 pearl dragon scales "Pupaasm" (worn) {rC++ rN+ Will- Slay+5}
   (You took it off a minotaur in a Gauntlet)

   Slay+5:    It affects your accuracy & damage with ranged weapons and melee
   (+5).
   rC++:      It greatly protects you from cold.
   rN+:       It protects you from negative energy.
   Will-:     It decreases your willpower.
 D - +0 fire dragon scales
   (You found it in a volcano)
Jewellery
 i - a ring of protection from fire
   (You found it on level 15 of the Dungeon)
 l - the amulet of the Four Winds (around neck) {rN+ Will+++ Clar}
   (You found it in a Gauntlet)

   [amulet of nothing]

   rN+:       It protects you from negative energy.
   Will+++:   It greatly increases your willpower.
   Clar:      It protects you from confusion, rage, mesmerisation and fear.
 A - the ring of Tomiy (right claw) {Fire rPois Dex+2}
   (You bought it in a shop on level 13 of the Dungeon)

   [ring of fire]

   Fire:      It enhances your fire magic.
   Dex+2:     It affects your dexterity (+2).
   rF+:       It protects you from fire.
   rC-:       It makes you vulnerable to cold.
   rPois:     It protects you from poison
 G - the ring of Pobyc (left claw) {*Slow rF+ rN+ EV+5 Str+3}
   (You bought it in a shop on level 3 of the Swamp)

   [ring of evasion]

   EV+5:      It affects your evasion (+5).
   Str+3:     It affects your strength (+3).
   rF+:       It protects you from fire.
   rN+:       It protects you from negative energy.
   *Slow:     It may slow you when you take damage.
 Y - a +6 ring of strength
   (You found it on level 6 of the Dungeon)
Talismans
 y - the serpent talisman of Grace {rC+ rCorr}
   (You took it off Aizul on level 2 of the Spider Nest)

   [serpent talisman]

   rC+:       It protects you from cold.
   rCorr:     It protects you from acid and corrosion.
 J - a blade talisman
   (You found it on level 13 of the Dungeon)
Wands
 d - a wand of iceblast (34)
   (You took it off Pikel on level 4 of the Dungeon)
 h - a wand of mindburst (20)
   (You took it off an orc on level 8 of the Dungeon)
 s - a wand of polymorph (5)
   (You found it on level 13 of the Dungeon)
 t - a wand of flame (36)
   (You found it on level 5 of the Lair of Beasts)
 v - a wand of digging (3)
   (You found it on level 5 of the Dungeon)
 S - a wand of charming (29)
   (You took it off Maggie on level 8 of the Dungeon)
 X - a wand of light (6)
   (You found it in a Gauntlet)
Scrolls
 e - 5 scrolls of fear
 j - 4 scrolls of vulnerability {!r}
 k - 6 scrolls of enchant weapon
 n - 4 scrolls of enchant armour {unknown}
 o - 3 scrolls of fog {unknown}
 r - 15 scrolls of teleportation {@r4}
 w - 4 scrolls of butterflies
 z - 6 scrolls of revelation
 K - 8 scrolls of immolation {!r}
 L - a scroll of silence
 R - 2 scrolls of brand weapon {unknown}
 U - 3 scrolls of blinking {unknown}
 W - a scroll of acquirement {unknown}
Potions
 f - 6 potions of lignification {!q}
 m - 10 potions of curing {@q1}
 u - 6 potions of haste {@q3}
 x - 7 potions of brilliance
 B - a potion of invisibility
 C - 3 potions of berserk rage
 E - 2 potions of magic
 F - 6 potions of enlightenment
 I - 2 potions of cancellation
 M - 5 potions of ambrosia
 O - 5 potions of heal wounds {@q2}
 P - 2 potions of resistance
 V - 4 potions of might
Miscellaneous
 a - a phantom mirror
   (You found it in a Gauntlet)


   Skills:
 + Level 16.5 Fighting
 - Level 2.0 Throwing
 - Level 10.0 Armour
 - Level 10.0 Dodging
 - Level 22.0 Unarmed Combat


You had 17 spell levels left.
You didn't know any spells.
Your spell library contained the following spells:

 Spells                   Type           Power      Damage    Failure   Level
 Magic Dart               Conj           0%         1d3       73%         1
 Summon Small Mammal      Summ           0%         N/A       73%         1
 Ensorcelled Hibernation  Hex/Ice        0%         N/A       86%         2
 Jinxbite                 Hex            0%         N/A       86%         2
 Scorch                   Fire           0%         2d5       86%         2
 Searing Ray              Conj           0%         2d4       86%         2
 Static Discharge         Conj/Air       0%         3-3/arc   86%         2
 Sublimation of Blood     Necr           0%         N/A       86%         2
 Call Canine Familiar     Summ           0%         N/A       97%         3
 Summon Guardian Golem    Hex/Summ       0%         N/A       97%         3
 Tukima's Dance           Hex            0%         N/A       97%         3
 Airstrike                Air            0%         2d(0-16)  100%        4
 Anguish                  Hex/Necr       0%         N/A       100%        4
 Brom's Barrelling Bould  Conj/Erth      0%         2d3       100%        4
 Flame Wave               Conj/Fire      0%         2d4       100%        4
 Fulminant Prism          Conj/Hex       0%         3d5       100%        4
 Passage of Golubria      Tloc           0%         N/A       100%        4
 Petrify                  Tmut/Erth      0%         N/A       100%        4
 Summon Lightning Spire   Summ/Air       0%         N/A       100%        4
 Vhi's Electric Charge    Tloc/Air       0%         N/A       100%        4
 Arcjolt                  Conj/Air       0%         1d10      100%        5
 Fireball                 Conj/Fire      0%         3d3       100%        5
 Irradiate                Conj/Tmut      0%         3d11      100%        5
 Iskenderun's Battlesphe  Conj           0%         2d6       100%        5
 Summon Forest            Summ/Tloc      0%         N/A       100%        5
 Summon Mana Viper        Hex/Summ       0%         N/A       100%        5
 Yara's Violent Unravell  Hex/Tmut       0%         3d3       100%        5
 Conjure Ball Lightning   Conj/Air       0%         3x3d6     100%        6
 Eringya's Noxious Bog    Tmut/Pois      0%         4d6       100%        6
 Plasma Beam              Fire/Air       0%         2x1d10    100%        6
 Summon Cactus Giant      Summ           0%         N/A       100%        6
 Orb of Destruction       Conj           0%         9d5       100%        7
 Summon Hydra             Summ           0%         N/A       100%        7


Dungeon Overview and Level Annotations

Branches:
Dungeon (15/15) Temple (1/1) D:4 Lair (5/5) D:11 Swamp (4/4) Lair:2 Spider (3/4) Lair:2 Slime (0/5) Lair:5 Orc (2/2) D:12 Elf (0/3) Orc:2 Vaults (0/5) D:13 D:14 Depths (0/4) D:15 IceCv (visited) Volcano (visited) Gauntlet (visited)

Altars:
Ashenzari
Cheibriados
Dithmenos
Elyvilon
Fedhas
Gozag
Hepliaklqana
Kikubaaqudgha
Makhleb
Nemelex Xobeh
Okawaru
Qazlal
Ru
Sif Muna
Trog
Uskayaw
Vehumet
Wu Jian
Xom
Yredelemnul
Zin
The Shining One
Jiyva

Shops:
D:12 ?   D:13 *   D:14 *   Orc:2 (**   Lair:2 [*   Swamp:3 =[   Spider:1 *

Portals:
Trove: D:14 (give 5 scrolls of fog)

Annotations:
D:10 1 exclusion
Swamp:4 Lernaean hydra


Innate Abilities, Weirdness & Mutations

You are too large for most types of armour.
You have claws for hands.
Your natural rate of healing is unusually fast.
You are covered in fur. (AC +1)
You have tough skin. (AC +1)


Message History

The wolf spider bites you.
* * * LOW HITPOINT WARNING * * *
The wolf spider hits you but does no damage.
The wolf spider barely misses you. The pharaoh ant misses you.
The culicivora is distracted by your dazzling golden aura.
The culicivora barely misses you. The redback bites you.
* * * LOW HITPOINT WARNING * * *
You are poisoned.
The redback poisons you! The wolf spider hits you!
* * * LOW HITPOINT WARNING * * *
The wolf spider bites you but does no damage.
The wolf spider closely misses you.
The wolf spider bites you but does no damage.
The culicivora misses you.
Unknown command.
You feel much better.
You feel very sick.
The wolf spider hits you but does no damage.
The wolf spider bites you but does no damage.
The pharaoh ant bites you!!
* * * LOW HITPOINT WARNING * * *
The culicivora bites you!
* * * LOW HITPOINT WARNING * * *
The redback bites you!
* * * LOW HITPOINT WARNING * * *
The wolf spider completely misses you.
The wolf spider bites you but does no damage.
The wolf spider hits you but does no damage.
The wolf spider bites you!
* * * LOW HITPOINT WARNING * * *
The culicivora completely misses you. The wolf spider completely misses you.
The wolf spider bites you but does no damage.
Unknown command.
Unknown command.
As you read the scroll of teleportation {@r4}, it crumbles to dust.
You feel strangely unstable.
You feel very sick. The pharaoh ant bites you!!
* * * LOW HITPOINT WARNING * * *
The culicivora bites you.
* * * LOW HITPOINT WARNING * * *
The wolf spider hits you but does no damage.
The wolf spider completely misses you.
Unknown command.
Unknown command.
You feel better.
The jumping spider is no longer distracted by gold.
The wolf spider closely misses you. x2; The pharaoh ant bites you!!
You die...
Your body crumbles into a pile of gold.

....##~~^≈......#.
^..#.........~....#..s
.............#..(...^#
..........#..........#
..#..........#s^...#.# ^
..#...###.....$#s....#..
#.#.....#..$$s.#sy......
^.......~.....s#sss...#.
........#......s@ss...^^
.............#.Bss..^#..
.....##..>....^......#
.##..^.............^^...
..####~####........#....
............##..........
........#######.##......
^.......# #.. ......
......#.#


You could see a sun moth, 3 wolf spiders, an orb spider (charged), 3
culicivoras, a pharaoh ant, a jumping spider and 5 redbacks.

Vanquished Creatures
  Bai Suzhen (Swamp:3)
  Aizul (Spider:2)
  An emperor scorpion (Spider:1)
  A frost giant (IceCv)
  A ghost moth (Spider:1)
  Louise (Swamp:1)
  6 ghouls
  A broodmother (Spider:3)
  6 eleionomae
  2 spark wasps
  4 bunyips
  A minotaur (Gauntlet)
  A shambling mangrove (Swamp:3)
  8 entropy weavers
  Fannar (D:11)
  17 hydras
  Erolcha (D:11)
  5 ghost crabs
  A rakshasa (D:15)
  5 catoblepae
  11 alligators
  12 boulder beetles
  5 two-headed ogres
  5 centaur warriors
  A demonic crawler (Spider:2)
  9 death yaks
  A deep troll earth mage (D:15)
  Urug (D:13)
  Sonja (Lair:4)
  9 spriggans
  Amaemon (D:9)
  A sun moth (Spider:2)
  2 pharaoh ants
  A death drake (Swamp:3)
  6 goliath frogs
  5 spriggan druids
  13 swamp dragons
  6 orb spiders
  A lindwurm (Lair:1)
  Pikel (D:4)
  7 orc knights
  8 bog bodies
  3 deep elf pyromancers
  5 steelbarb worms
  10 wolf spiders
  A will-o-the-wisp (Swamp:2)
  A manticore (D:12)
  6 orc sorcerers (Orc:2)
  11 ugly things
  An oklob plant (D:11)
  5 cyclopes
  9 elephants
  6 black mambas
  An orange demon (D:9)
  6 molten gargoyles
  3 gargoyles
  8 spectral spriggans (Swamp:1)
  4 torpor snails
  An ice statue (IceCv)
  Maggie (D:8)
  11 cane toads
  2 kobold blastminers (Orc:1)
  Jeremiah (D:6)
  5 rime drakes
  5 efreet
  A freezing wraith (Swamp:1)
  6 komodo dragons
  A guardian mummy (D:14)
  13 polar bears
  6 meliai
  A polar bear (shapeshifter) (D:14)
  19 tarantellas
  A bloated husk (Swamp:3)
  8 hornets
  7 trolls
  28 blink frogs
  A queen bee (D:6)
  2 tyrant leeches
  9 dream sheep
  25 jumping spiders
  14 culicivoras
  4 shadows
  4 slime creatures (D:15)
  2 wyverns
  10 basilisks
  2 wraiths
  54 yaks
  4 fire elementals
  17 humans
  2 steam dragons
  22 vampire mosquitoes
  47 redbacks
  12 swamp worms
  Edmund (D:6)
  6 wargs (Orc:2)
  13 water moccasins
  Duvessa (D:5)
  7 swamp drakes (Swamp:4)
  27 orc warriors
  A sky beast (D:8)
  7 black bears
  2 ice beasts
  A black bear (shapeshifter) (D:13)
  An ogre (shapeshifter) (D:14)
  11 ogres
  54 wolves
  15 centaurs
  A phantom (D:7)
  2 kobold brigands
  14 bullfrogs
  2 gnoll sergeants
  2 earth elementals (Volcano)
  3 scorpions
  8 wights
  Dowan (D:5)
  A water moccasin skeleton (D:4)
  13 killer bees
  2 howler monkeys
  An electric eel (Spider:2)
  6 lava snakes
  5 hounds
  3 jellies
  9 orc priests
  7 gnoll boudas
  A sleepcap (D:7)
  2 iguanas
  32 orc wizards
  2 scorpion zombies (D:4)
  Natasha (D:2)
  A hound zombie (D:4)
  26 gnolls
  7 adders
  A white imp (D:6)
  4 ufetubi
  3 adder zombies (D:4)
  3 worms
  2 dart slugs
  The ghost of farilari the Sneak, a weakling SpDe (D:6)
  77 orcs
  15 endoplasms
  6 giant cockroaches
  11 goblins
  18 hobgoblins
  2 jackals (D:1)
  6 quokkas
  15 ball pythons
  6 bats
  4 frilled lizards
  A goblin skeleton (D:5)
  23 kobolds
  7 rats
  2 butterflies (Lair:4)
1106 creatures vanquished.

Vanquished Creatures (others)
  A will-o-the-wisp (Swamp:1)
  A spectral spriggan (Swamp:1)
  4 bloated husks
  An orc (D:3)
  4 foxfires (Swamp:1)
11 creatures vanquished.

Grand Total: 1117 creatures vanquished

Notes
Turn   | Place    | Note
-------+----------+-------------------------------------------
     0 | D:1      | James the Troll Gladiator began the quest for the Orb.
     0 | D:1      | Reached XP level 1. HP: 19/19 MP: 0/0
   138 | D:1      | Reached XP level 2. HP: 27/27 MP: 1/1
   318 | D:1      | Reached skill level 4 in Unarmed Combat
   401 | D:1      | Reached XP level 3. HP: 33/33 MP: 2/2
   914 | D:2      | Reached skill level 5 in Unarmed Combat
   914 | D:2      | Reached XP level 4. HP: 38/41 MP: 3/3
  1468 | D:2      | Reached XP level 5. HP: 48/48 MP: 4/4
  1567 | D:2      | Noticed Natasha
  1576 | D:2      | Killed Natasha
  1577 | D:2      | Reached skill level 6 in Unarmed Combat
  2267 | D:3      | Found a snail-covered altar of Cheibriados.
  2326 | D:3      | Identified the +7 trident of Dividends {spect, SInv}
  2475 | D:3      | Found an iron altar of Okawaru.
  2488 | D:4      | Noticed Pikel
  2571 | D:4      | Reached XP level 6. HP: 55/55 MP: 5/5
  2650 | D:4      | Reached skill level 7 in Unarmed Combat
  2745 | D:4      | Found a shimmering blue altar of Sif Muna.
  2824 | D:4      | Found a staircase to the Ecumenical Temple.
  2835 | Temple   | Entered the Ecumenical Temple
  2862 | Temple   | Became a worshipper of Gozag Ym Sagoz the Greedy
  2913 | D:4      | Killed Pikel
  2914 | D:4      | Reached skill level 9 in Unarmed Combat
  2914 | D:4      | Reached XP level 7. HP: 38/62 MP: 6/6
  3003 | D:4      | Found a shimmering altar of Xom.
  3679 | D:5      | Entered Level 5 of the Dungeon
  3774 | D:5      | Found a runed translucent door.
  3775 | D:5      | Noticed a human
  3777 | D:5      | Noticed Duvessa
  3777 | D:5      | Noticed Dowan
  3781 | D:5      | Found a basalt altar of Yredelemnul.
  3783 | D:5      | Killed Duvessa
  3784 | D:5      | Reached XP level 8. HP: 70/70 MP: 7/7
  3796 | D:5      | Killed Dowan
  3797 | D:5      | Reached skill level 10 in Unarmed Combat
  4536 | D:6      | Noticed Jeremiah
  4649 | D:6      | Killed Jeremiah
  4650 | D:6      | Reached skill level 11 in Unarmed Combat
  4865 | D:6      | Found a broken altar of Ashenzari.
  4878 | D:6      | Reached skill level 12 in Unarmed Combat
  4913 | D:6      | Found a sacrificial altar of Ru.
  4927 | D:6      | Noticed Edmund
  4938 | D:6      | Killed Edmund
  4939 | D:6      | Reached XP level 9. HP: 43/76 MP: 8/8
  5205 | D:6      | Found a transporter.
  5206 | D:6      | Noticed farilari's ghost (weakling SpDe)
  5207 | D:6      | Found a transporter.
  5255 | D:6      | Noticed a queen bee
  5341 | D:6      | Found a sparkling altar of Nemelex Xobeh.
  5577 | D:2      | Found a snail-covered altar of Cheibriados.
  5577 | D:2      | Found a sparkling altar of Nemelex Xobeh.
  5577 | D:2      | Found a bloodstained altar of Trog.
  5577 | D:2      | Found a broken altar of Ashenzari.
  5577 | D:2      | Found a bloodstained altar of Trog.
  5577 | D:2      | Found a burning altar of Makhleb.
  5725 | D:5      | Reached skill level 13 in Unarmed Combat
  6245 | D:7      | Found an ornate altar of the Wu Jian Council.
  6660 | D:8      | You fall into a shaft and drop 3 floors!
  6675 | D:11     | Reached XP level 10. HP: 94/94 MP: 9/9
  6694 | D:11     | Noticed a boulder beetle
  6760 | D:11     | Noticed Fannar
  6775 | D:11     | Killed Fannar
  6776 | D:11     | Reached skill level 5 in Fighting
  6776 | D:11     | Reached skill level 5 in Dodging
  6807 | D:11     | Noticed Erolcha
  6817 | D:11     | Killed Erolcha
  6904 | D:10     | Entered Level 10 of the Dungeon
  7207 | D:8      | Found a white marble altar of Elyvilon.
  7551 | D:8      | Noticed Maggie
  7561 | D:8      | Killed Maggie
  7852 | D:9      | Noticed a two-headed ogre
  7861 | D:9      | Killed a two-headed ogre
  7997 | D:9      | Found a hide-covered altar of Uskayaw.
  8031 | D:9      | Found a stormy altar of Qazlal.
  8032 | D:9      | Noticed an orange demon
  8062 | D:9      | Killed an orange demon
  8063 | D:9      | Reached XP level 11. HP: 104/111 MP: 10/10
  8166 | D:9      | Noticed Amaemon
  8176 | D:9      | Killed Amaemon
  8581 | D:10     | Noticed a centaur warrior
  8581 | D:10     | Noticed an arcanist
  8581 | D:10     | Found the +7 captain's cutlass {speed, disarm}
  8590 | D:10     | Noticed a centaur warrior
  8591 | D:10     | Noticed a tengu warrior
  8612 | D:10     | Noticed a cyan ugly thing
  8623 | D:10     | Killed a cyan ugly thing
  8925 | D:10     | Reached skill level 10 in Fighting
  9763 | D:10     | Killed a boulder beetle
  9806 | D:11     | Noticed an oklob plant
 10010 | D:11     | Found a staircase to the Lair.
 10205 | D:11     | Killed an oklob plant
 10206 | D:11     | Reached skill level 14 in Unarmed Combat
 10218 | Lair:1   | Entered Level 1 of the Lair of Beasts
 10364 | Lair:1   | Found a gate leading to a gauntlet.
 10375 | Gauntlet | Entered a Gauntlet
 10375 | Gauntlet | Found a transporter.
 10380 | Gauntlet | Noticed a catoblepas
 10382 | Gauntlet | Found a transporter.
 10385 | Gauntlet | Found a transporter.
 10398 | Gauntlet | Found a transporter.
 10399 | Gauntlet | Found a transporter.
 10402 | Gauntlet | Noticed a dire elephant
 10416 | Gauntlet | Found a transporter.
 10424 | Gauntlet | Found a transporter.
 10424 | Gauntlet | Noticed a ghost crab
 10426 | Gauntlet | Found the amulet of the Four Winds {rN+ Will+++ Clar}
 10438 | Gauntlet | Found a transporter.
 10445 | Gauntlet | Found a transporter.
 10447 | Gauntlet | Noticed a quicksilver ooze
 10451 | Gauntlet | Found a transporter.
 10451 | Gauntlet | Found a transporter.
 10453 | Gauntlet | Found a transporter.
 10484 | Gauntlet | Found a transporter.
 10536 | Gauntlet | Found a transporter.
 10624 | Gauntlet | Killed a catoblepas
 10625 | Gauntlet | Reached XP level 12. HP: 126/126 MP: 11/11
 10652 | Gauntlet | Noticed a catoblepas
 10675 | Gauntlet | Killed a catoblepas
 10676 | Gauntlet | Reached skill level 15 in Unarmed Combat
 10724 | Gauntlet | Killed a ghost crab
 10819 | Gauntlet | Identified the +4 shortbow "Geivviwi" {freeze, Will+ Str+2}
 10819 | Gauntlet | Identified the +4 pearl dragon scales "Pupaasm" {rC++ rN+
                  | Will- Slay+5}
 10819 | Gauntlet | Noticed a minotaur
 10831 | Gauntlet | Killed a minotaur
 11465 | Lair:1   | Reached skill level 16 in Unarmed Combat
 11768 | Lair:1   | Found a runed translucent door.
 11768 | Lair:1   | Found the +0 mask of the Dragon {Will+ Slay+3 SInv}
 11788 | Lair:1   | Found a runed translucent gate.
 11794 | Lair:1   | Found a runed translucent gate.
 11794 | Lair:1   | Found a runed translucent gate.
 11794 | Lair:1   | Found a runed translucent gate.
 11794 | Lair:1   | Found a runed translucent gate.
 11794 | Lair:1   | Found a runed translucent gate.
 11794 | Lair:1   | Noticed a boulder beetle
 11794 | Lair:1   | Noticed a boulder beetle
 12438 | Lair:2   | Found a frozen archway.
 12454 | IceCv    | Entered an ice cave
 12663 | IceCv    | Noticed a frost giant
 12674 | IceCv    | Reached XP level 13. HP: 140/140 MP: 12/12
 12676 | IceCv    | Reached skill level 1 in Armour
 12680 | IceCv    | Killed a frost giant
 12974 | Lair:2   | Found a hole to the Spider Nest.
 13019 | Lair:2   | Found a dark tunnel.
 13027 | Volcano  | Entered a volcano
 13040 | Volcano  | Reached skill level 5 in Armour
 13820 | Lair:2   | Found a staircase to the Swamp.
 14384 | Lair:2   | Bought a scroll labelled BIUHOF MO RUNO for 27 gold pieces
 14621 | Lair:3   | Identified the +3 long sword of the Coin {vamp, rN++}
 15222 | Lair:4   | Noticed Sonja
 15233 | Lair:4   | Killed Sonja
 15331 | Lair:4   | Reached XP level 14. HP: 149/149 MP: 13/13
 15811 | Lair:5   | Entered Level 5 of the Lair of Beasts
 16790 | Lair:5   | Found a staircase to the Slime Pits.
 16791 | Lair:5   | Found a viscous altar of Jiyva.
 16831 | Lair:5   | Reached skill level 10 in Armour
 16831 | Lair:5   | Reached skill level 10 in Dodging
 17124 | Lair:5   | Identified the +4 hand axe "Goblin's Death" {antimagic,
                  | *Noise Str+8}
 17390 | D:6      | Killed farilari's ghost
 18278 | D:12     | Found a staircase to the Orcish Mines.
 18395 | D:12     | Found Xim Otounui's Magic Scroll Boutique.
 18401 | D:12     | Found a basalt altar of Yredelemnul.
 18407 | D:12     | Bought a scroll of teleportation for 48 gold pieces
 18407 | D:12     | Bought a scroll of revelation for 120 gold pieces
 18407 | D:12     | Bought a scroll of identify for 32 gold pieces
 18407 | D:12     | Bought a scroll of fear for 64 gold pieces
 18407 | D:12     | Bought a scroll of fear for 64 gold pieces
 18506 | Orc:1    | Entered Level 1 of the Orcish Mines
 18605 | Orc:2    | Entered Level 2 of the Orcish Mines
 18850 | Orc:1    | Reached XP level 15. HP: 156/156 MP: 14/14
 19251 | Orc:2    | Reached skill level 17 in Unarmed Combat
 19802 | Orc:2    | Found a staircase to the Elven Halls.
 19849 | Orc:2    | Found Ekylethanemp's Assorted Antiques.
 19855 | Orc:2    | Found Hixzom's General Store.
 20061 | Orc:2    | Found Begg's Antique Weapon Shop.
 20410 | D:13     | Reached skill level 18 in Unarmed Combat
 21015 | D:13     | Bought a scroll labelled GITIJI AGAJIHI for 30 gold pieces
 21015 | D:13     | Bought a scroll labelled BIUHOF MO RUNO for 30 gold pieces
 21015 | D:13     | Bought a scroll labelled ZIDOGY GALOVE for 30 gold pieces
 21015 | D:13     | Bought a scroll labelled BIUHOF MO RUNO for 30 gold pieces
 21015 | D:13     | Bought a lumpy blue potion for 27 gold pieces
 21015 | D:13     | Bought a slimy wooden ring for 150 gold pieces
 21015 | D:13     | Identified the ring of Tomiy {Fire rPois Dex+2} (You bought
                  | it in a shop on level 13 of the Dungeon)
 21123 | D:14     | Noticed Urug
 21123 | D:14     | Found a gate to the Vaults.
 21220 | D:13     | Killed Urug
 21263 | D:13     | Reached skill level 19 in Unarmed Combat
 21428 | D:14     | Found Zaczim's General Store.
 21694 | D:14     | Found a portal to a secret trove of treasure.
 21939 | D:15     | Entered Level 15 of the Dungeon
 22809 | D:15     | Found a staircase to the Depths.
 23123 | Swamp:1  | Entered Level 1 of the Swamp
 23151 | Swamp:1  | Reached skill level 20 in Unarmed Combat
 23168 | Swamp:1  | Reached XP level 16. HP: 163/165 MP: 15/15
 23892 | Swamp:1  | Reached skill level 21 in Unarmed Combat
 23989 | Swamp:1  | Noticed Louise
 24009 | Swamp:1  | Killed Louise
 24446 | Swamp:2  | Identified the +0 ring mail "Oning" {Will+ Str+5 Stlth-}
 25294 | Swamp:3  | Noticed Bai Suzhen
 25305 | Swamp:3  | Killed Bai Suzhen
 25787 | Swamp:3  | Bought the ring of Pobyc {*Slow rF+ rN+ EV+5 Str+3} for 768
                  | gold pieces
 25794 | Swamp:4  | Entered Level 4 of the Swamp
 26129 | Swamp:3  | Reached XP level 17. HP: 149/182 MP: 16/16
 26637 | Swamp:4  | Reached skill level 15 in Fighting
 26749 | Swamp:4  | Noticed the 27-headed Lernaean hydra
 26975 | Swamp:4  | HP: 9/184 [the 26-headed Lernaean hydra (1)]
 27101 | Lair:2   | Identified the +3 chain mail "Gigehoq" {rN+ Int-2 SInv}
 27118 | Spider:1 | Entered Level 1 of the Spider Nest
 27387 | Spider:1 | Bought a scroll labelled FAHORCHE VENO for 24 gold pieces
 27387 | Spider:1 | Bought a scroll labelled KYSIARI JIECAR for 24 gold pieces
 27387 | Spider:1 | Bought a scroll labelled FAHORCHE VENO for 24 gold pieces
 28719 | Spider:2 | Identified the serpent talisman of Grace {rC+ rCorr}
 28719 | Spider:2 | Noticed Aizul
 28731 | Spider:2 | Killed Aizul
 29246 | Spider:2 | Reached skill level 22 in Unarmed Combat
 30226 | Spider:3 | Reached XP level 18. HP: 186/198 MP: 17/17
 30254 | Spider:3 | HP: 2/198 [pharaoh ant (20)]
 30255 | Spider:3 | Mangled by a pharaoh ant

Illustrated notes

Levels and vault maps discovered:
D:1:      minmay_arrival_glassed_features, layout_basic
D:2:      cheibrodos_fertilizer, layout_loops_corners,
          minmay_increasing_density, uniq_natasha
D:3:      layout_rooms, mainiacjoe_overflow_tiny_flanked,
          general_overflow_altar, st_stairs_10, grunt_ministairs_13
D:4:      nicolae_BIG_FREAKIN_CUBE, layout_loops_corners,
          mainiacjoe_overflow_brackets, kennysheep_mini, temple_pool_b,
          serial_undead, serial_undead_e, serial_undead_b, serial_undead_c,
          serial_undead_b, uniq_pikel
D:5:      layout_cave_pods, dk_yredelemnul_ordeal, chequers_hall_statues_wall_a,
          uniq_duvessa
D:6:      layout_gridville, nemelex_dance_club_becter,
          nicolae_ru_sacrificial_ziggurat, nicolae_ashenzari_panopticon,
          gammafunk_ghost_hive, uniq_jeremiah, uniq_edmund
D:7:      kennysheep_housing_project, layout_rooms,
          mainiacjoe_overflow_alcove_4, ebering_dispersal_statue_hall
D:8:      layout_basic, mainiacjoe_overflow_small_starburst, uniq_maggie
D:9:      layout_rooms, nicolae_qazlal_scattered_showers,
          nicolae_uskayaw_suspiria, uniq_amaemon
D:10:     kennysheep_seaside_town, layout_long_grid, minivault_12
D:11:     layout_cave_pools, dpeg_oklobed_lair, uniq_fannar, uniq_erolcha
D:12:     layout_cave_pools, david_orc_2, serial_park, serial_park_tiny_pond,
          serial_park_tiny_1, serial_park_tiny_1, serial_park_tiny_pond,
          serial_park_square1 [serial_park_minivault_5x5_5], serial_shops, shop,
          yredelemnul_altar_generic
D:13:     layout_loops_ring
D:14:     kennysheep_big_flooded_room, layout_basic, david_vaults_3,
          minmay_misc_feat_secret_circle, nicolae_trove_entry_path_of_doom,
          serial_shops, shop
D:15:     hellmonk_depths_entry_around_the_bend, layout_loops_corners,
          roderic_roman_lattice
Temple:   dpeg_chambers_temple
Lair:1:   gammafunk_indiana_jones, layout_hall_layers, gauntlet_entry_generic
Lair:2:   layout_cave_pods, mainiacjoe_swamp_entry_angry_trees,
          nicolae_spider_entry_orb_guardian, portal_ice_cave_rime,
          enter_volcano_2, minivault_25
Lair:3:   layout_regular_city, chequers_serial_rivers_small_a
Lair:4:   layout_big_grid, grunt_megastairs_5, lemuel_fruit_fields,
          lemuel_fruit_tree, uniq_sonja
Lair:5:   grunt_lair_end_beastmaster, layout_loops_ring, slime_entry_1,
          grunt_megastairs_3
Swamp:1:  nicolae_swamp_flooded_prison, layout_falls_marsh,
          hangedman_swamp_blocks, infiniplex_staircase_pool_2, uniq_louise
Swamp:2:  layout_falls_marsh, nicolae_swamp_fairy_circle, swamp_pool_1_2,
          nicolae_swamp_decorative_isthmus
Swamp:3:  nicolae_swamp_wrong_neighborhood, layout_falls_marsh,
          evilmike_swamp_ruin_wall, uniq_bai_suzhen
Swamp:4:  swamp, layout_basic_swamp
Spider:1: layout_cave_pods
Spider:2: layout_chambers, guppyfry_spider_mini_3,
          hangedman_spider_tarantella_strand, uniq_aizul
Spider:3: layout_spider_delve, ebering_ghost_rock_garden, drop_trap
Orc:1:    layout_diamond_mine
Orc:2:    st_orc_town, layout_diamond_mine

Skill      XL: |  1  2  3  4  5  6  7  8  9 10 11 12 13 14 15 16 17 |
---------------+----------------------------------------------------+-----
Unarmed Combat | 4 5 6 9 12 13 14 16 20 21 22 | 22.0
Fighting       | 4 8 10 12 14 16 | 16.5
Dodging        | 4 6 7 10 | 10.0
Throwing       | 2 |  2.0
Armour         | 7 10 | 10.0

Action                     |  1- 3 |  4- 6 |  7- 9 | 10-12 | 13-15 | 16-18 || total
---------------------------+-------+-------+-------+-------+-------+-------++-------
  Melee: Unarmed           |    84 |   167 |   268 |   504 |  1019 |   738 ||  2780
         Punch             |       |     3 |    17 |    43 |   103 |   102 ||   268
  Throw: Large rock        |       |       |     1 |     1 |     3 |     1 ||     6
         Dart              |       |       |       |     7 |       |       ||     7
 Invoke: Potion Petition   |       |       |       |     1 |     1 |     1 ||     3
         Call Merchant     |       |       |       |       |     3 |     3 ||     6
  Evoke: Wand              |       |       |       |       |     1 |     1 ||     2
    Use: Scroll            |       |     5 |     2 |     9 |     8 |     6 ||    30
         Potion            |       |       |       |     1 |       |     3 ||     4
   Stab: Sleeping          |     1 |     2 |       |       |       |       ||     3
         Distracted        |       |       |     2 |     5 |     6 |     2 ||    15
 Armour: Robe              |    44 |    79 |    85 |    26 |       |       ||   234
         Swamp dragon scal |       |       |       |   133 |       |       ||   133
         Pearl dragon scal |       |       |       |    85 |   632 |   761 ||  1478
         Fire dragon scale |       |       |       |       |    13 |       ||    13
  Dodge: Dodged            |    35 |    74 |   117 |   273 |   748 |   657 ||  1904
         Repelled          |       |     1 |     1 |     6 |    11 |    10 ||    29
  Block: Other             |       |    22 |    45 |    46 |       |       ||   113
         Reflection        |       |       |     2 |     2 |       |       ||     4

Table legend: (Time is in decaauts)
 A = Elapsed time spent in this place.
 B = Non-inter-level travel time spent in this place.
 C = Inter-level travel time spent in this place.
 D = Time resting spent in this place.
 E = Time spent auto-exploring this place.
 F = Levels seen in this place.
 G = Mean time per level.
                   A        B        C        D        E       F      G
               +--------+--------+--------+--------+--------+-----+--------+
         Total |  29538 |  27168 |   2370 |   2039 |  16726 |  33 |  895.1 |
       Dungeon |  13789 |  12308 |   1481 |    530 |   8304 |  15 |  919.3 |
        Temple |     54 |      2 |     52 |      0 |      0 |   1 |   54.0 |
          Lair |   5845 |   5308 |    537 |    160 |   3709 |   5 | 1169.0 |
         Swamp |   3798 |   3624 |    174 |    665 |   1671 |   4 |  949.5 |
   Spider Nest |   3029 |   2976 |     53 |    453 |   1787 |   3 | 1009.7 |
  Orcish Mines |   1616 |   1545 |     71 |      2 |    929 |   2 |  808.0 |
      Ice Cave |    461 |    461 |      0 |      0 |     75 |   1 |  461.0 |
       Volcano |    375 |    375 |      0 |    100 |     28 |   1 |  375.0 |
      Gauntlet |    567 |    567 |      0 |    128 |    223 |   1 |  567.0 |
               +--------+--------+--------+--------+--------+-----+--------+

Top non-repeatable levels by time:
  Lair:1: 1905 daAuts
Spider:2: 1621 daAuts
 Swamp:3: 1313 daAuts
    D:10: 1263 daAuts
  Lair:2: 1240 daAuts
 Swamp:1: 1211 daAuts
Spider:1: 1209 daAuts
     D:2: 1171 daAuts
     D:4: 1146 daAuts
     D:6: 1145 daAuts
  Lair:5: 1079 daAuts
    D:15: 1043 daAuts
     D:5: 1029 daAuts
   Orc:2: 966 daAuts
    D:13: 958 daAuts
